 Dungeon Crawl Stone Soup version 0.31-a0-744-gbc345e7fcb (webtiles) character file.

Game seed: 10754452486319829122

1884 Dittersdorf the Shield-Bearer (level 9, 0/57 HPs)
             Began as a Gargoyle Fighter on Sept 13, 2023.
             Was an Initiate of Gozag.
             Slain by a troll (5 damage)
             ... on level 6 of the Dungeon.
             The game lasted 00:07:56 (6170 turns).

Dittersdorf the Shield-Bearer (Gargoyle Fighter)    Turns: 6170, Time: 00:07:57

Health: 0/57       AC: 21    Str: 23    XL:     9   Next: 14%
Magic:  18/18      EV:  8    Int: 10    God:    Gozag
Gold:   131        SH:  6    Dex:  9    Spells: 8/8 levels left

rFire   . . .        m - +1 morningstar (elec)
rCold   . . .        c - +1 buckler
rNeg    + . .        n - +0 chain mail
rPois   ∞            x - +2 helmet
rElec   +            (no cloak)
rCorr   .            (no gloves)
SInv    .            g - +0 pair of boots
Will    .....        A - amulet of the acrobat Stlth
                     l - ring of magical power
HPRegen 0.29/turn    (no ring)
MPRegen 0.16/turn

%: acrobat
@: no status effects
A: sickness immunity, AC +6, negative energy resistance 1, electricity
resistance, torment resistance 1, petrification resistance
a: Renounce Religion, Potion Petition, Call Merchant, Bribe Branch


You were on level 6 of the Dungeon.
You worshipped Gozag.
Gozag was aware of your devotion.
You visited 2 branches of the dungeon, and saw 8 of its levels.

You collected 412 gold pieces.
You spent 187 gold pieces at shops.
You paid 94 gold pieces to Gozag.

Inventory:

Hand Weapons
 m - a +1 morningstar of electrocution (weapon)
Missiles
 u - 5 poisoned darts (quivered)
Armour
 c - a +1 buckler (worn)
 g - a +0 pair of boots (worn)
 n - a +0 chain mail (worn)
 v - a +0 plate armour
 x - a +2 helmet (worn)
Jewellery
 l - a ring of magical power (left hand)
 A - an amulet of the acrobat (around neck)
Wands
 y - a wand of roots (2)
 z - a wand of light (13)
Scrolls
 e - a scroll of fear
 h - 3 scrolls of teleportation
 j - 2 scrolls of fog
 k - a scroll of poison
 w - 2 scrolls of brand weapon
Potions
 a - a potion of haste {unknown}
 b - a potion of cancellation
 d - 4 potions of might
 f - 2 potions of mutation
 i - 2 potions of enlightenment
 o - a potion of brilliance
 r - a potion of ambrosia
 t - 2 potions of invisibility


   Skills:
 + Level 7.1 Fighting
 + Level 6.0 Maces & Flails
 + Level 7.1 Armour
 + Level 7.2 Shields


You had 8 spell levels left.
You didn't know any spells.
Your spell library contained the following spells:

 Spells                   Type           Power      Damage    Failure   Level
 Apportation              Tloc           0%         N/A       93%         1
 Freeze                   Ice            0%         1d3       93%         1
 Jinxbite                 Hex            0%         N/A       98%         2
 Frozen Ramparts          Ice            0%         1d1       100%        3
 Hailstorm                Conj/Ice       0%         3d3       100%        3
 Summon Guardian Golem    Hex/Summ       0%         N/A       100%        3
 Petrify                  Tmut/Erth      0%         N/A       100%        4
 Alistair's Intoxication  Tmut/Pois      0%         N/A       100%        5
 Irradiate                Conj/Tmut      0%         3d11      100%        5
 Orb of Destruction       Conj           0%         9d5       100%        7
 Spellforged Servitor     Conj/Summ      0%         N/A       100%        7
 Sublimation of Blood     Necr           Unusable   N/A       N/A         2

Dungeon Overview and Level Annotations

Branches:
Dungeon (7/15)             Temple (1/1) D:5

Altars:
Ashenzari
Elyvilon
Gozag
Nemelex Xobeh
Qazlal
Ru
Trog
Wu Jian
Xom
Lugonu

Shops:
D:3 [


Innate Abilities, Weirdness & Mutations

You are immune to sickness and miasma.
Your stone body is resilient. (AC +6)
You are immune to poison.
You resist negative energy. (rN+)
You are resistant to electric shocks. (rElec)
You are resistant to unholy torment.
You are immune to petrification.


Message History

The troll claws you!
You thump the troll!
The troll is moderately wounded.
The troll barely misses you. You block the troll's attack. The troll claws you.
You closely miss the troll.
The troll is moderately wounded.
The troll bites you but does no damage. The troll barely misses you.
The troll claws you but does no damage.
You closely miss the troll.
The troll is moderately wounded.
The troll bites you. The troll claws you.
* * * LOW HITPOINT WARNING * * *
You block the troll's attack. The troll closely misses you.
You block the troll's attack. The troll claws you but does no damage.
You barely miss the troll.
The troll is moderately wounded.
The troll bites you but does no damage. The troll barely misses you.
The troll completely misses you.
You hit the troll.
The troll is moderately wounded.
The troll bites you but does no damage. The troll claws you.
* * * LOW HITPOINT WARNING * * *
You block the troll's attack.
You sock the troll!
The troll is severely wounded.
You block the troll's attack. The troll barely misses you. The troll claws you.
* * * LOW HITPOINT WARNING * * *
The troll barely misses you. The troll claws you.
* * * LOW HITPOINT WARNING * * *
The troll claws you but does no damage.
You sock the troll!
The troll is almost dead.
The troll barely misses you. The troll claws you.
* * * LOW HITPOINT WARNING * * *
You block the troll's attack.
You barely miss the troll.
The troll is almost dead.
The troll bites you.
You die...
Your body crumbles into a pile of gold.

.##.......# #....# ###.#######
.##.......# #....####..........
##'####...#####....'....#########
#..###.......#....###### #######
##...........#....##### #......
#####.......#........# #.#####
#######.......####.....# #.#...#
.....##.......+.T......####.#.#.#
.....##.......##@........##.#.#.#
.....###################.#......#
...######### #########.#..###.#
...# #....# #.......#.#......#
...# #....# #)......#.#......#
...####....#####.......#.##.##..#
...........'...+.........#..##..#
...####....#####.......###.###..#
...+...................# #.# #..#


You could see a troll.

Vanquished Creatures
  A steam dragon (D:7)
  Menkaure (D:6)
  A centaur (D:7)
  An ogre (D:3)
  Blork the orc (D:4)
  3 bullfrogs
  2 scorpions
  4 wights (D:6)
  A howler monkey (D:7)
  4 crimson imps (D:6)
  5 hounds
  A jelly (D:5)
  An orc priest (D:3)
  A sleepcap (D:6)
  Natasha (thrice) (D:3)
  2 iguanas
  An orc wizard (D:5)
  7 gnolls (D:6)
  12 adders
  2 white imps (D:7)
  2 worms
  A dart slug (D:1)
  7 orcs
  4 endoplasms
  3 giant cockroaches
  3 goblins
  14 hobgoblins
  4 jackals
  5 quokkas
  4 ball pythons
  2 bats (D:1)
  7 frilled lizards
  11 kobolds
  3 rats
124 creatures vanquished.

Vanquished Creatures (others)
  A water moccasin (D:7)
1 creature vanquished.

Grand Total: 125 creatures vanquished

Notes
Turn   | Place    | Note
-------+----------+-------------------------------------------
     0 | D:1      | Dittersdorf the Gargoyle Fighter began the quest for the
                  | Orb.
     0 | D:1      | Reached XP level 1. HP: 14/14 MP: 1/1
   177 | D:1      | Reached XP level 2. HP: 19/19 MP: 2/2
   690 | D:2      | Reached XP level 3. HP: 15/24 MP: 3/3
   926 | D:2      | Reached XP level 4. HP: 12/29 MP: 4/4
  1535 | D:2      | Identified the +1 leather armour "Necotu" {Drain Int+4
                  | Dex+3}
  1939 | D:3      | Reached XP level 5. HP: 33/33 MP: 5/5
  2202 | D:3      | Noticed Natasha
  2209 | D:3      | Killed Natasha
  2293 | D:3      | Noticed Natasha
  2304 | D:3      | Killed Natasha
  2305 | D:3      | Reached XP level 6. HP: 39/39 MP: 6/6
  2344 | D:3      | Found a faded altar of an unknown god.
  2355 | D:3      | Found Zirole's Antique Armour Shoppe.
  2363 | D:3      | Bought a glowing helmet for 187 gold pieces
  2642 | D:3      | Found a faded altar of an unknown god.
  2653 | D:3      | Found Zirole's Antique Armour Shoppe.
  2855 | D:3      | Noticed Natasha
  2866 | D:3      | Killed Natasha
  3071 | D:3      | Reached skill level 5 in Shields
  3237 | D:4      | Reached skill level 5 in Fighting
  3237 | D:4      | Reached skill level 5 in Armour
  3337 | D:4      | Reached XP level 7. HP: 41/44 MP: 7/7
  3482 | D:4      | Noticed Blork the orc
  3502 | D:4      | Killed Blork the orc
  3974 | D:5      | Entered Level 5 of the Dungeon
  4356 | D:5      | Found a staircase to the Ecumenical Temple.
  4382 | Temple   | Entered the Ecumenical Temple
  4893 | D:6      | Reached XP level 8. HP: 51/51 MP: 8/8
  5067 | D:6      | Reached skill level 5 in Maces & Flails
  5089 | D:6      | Found a shimmering altar of Xom.
  5470 | D:6      | Noticed Menkaure
  5478 | D:6      | Killed Menkaure
  5868 | Temple   | Became a worshipper of Gozag Ym Sagoz the Greedy
  5970 | D:7      | Reached XP level 9. HP: 48/56 MP: 9/9
  6134 | D:7      | Noticed a gargoyle
  6134 | D:7      | Noticed a boulder beetle
  6134 | D:7      | Noticed a troll
  6170 | D:6      | Slain by a troll

Illustrated notes

Levels and vault maps discovered:
D:1:      nzn_arrival_crosshair, layout_rooms, minmay_3d_cube
D:2:      layout_basic, kennysheep_generic_room_10
D:3:      layout_loops_cross, shapermc_ecumenical_altar_venn, serial_shops,
          nicolae_shop_scrapyard, minmay_circle_x, uniq_natasha
D:4:      layout_rooms, uniq_blork_the_orc
D:5:      layout_gridville, minmay_temple_entry_stoned_glass
D:6:      layout_basic, led_xom_imps, hangedman_decor_slide_cut, uniq_menkaure
D:7:      minmay_the_grid_square_5x5_3x3 [minmay_the_grid_square_5x5_empty,
          minmay_the_grid_square_5x5_longway, minmay_the_grid_square_5x5_two,
          minmay_the_grid_square_5x5_lines,
          minmay_the_grid_square_5x5_megaprize_crossed,
          minmay_the_grid_square_5x5_tri_point,
          minmay_the_grid_square_5x5_checkered_statues,
          minmay_the_grid_square_5x5_gyroscope,
          minmay_the_grid_square_5x5_seven], layout_rooms,
          grunt_temple_overflow_order_and_chaos_2, uniq_crazy_yiuf_cottage
Temple:   corrupted_temple

Skill      XL: |  1  2  3  4  5  6  7  8  9 |
---------------+----------------------------+-----
Shields        | 4 5 6 7 |  7.2
Fighting       | 4 5 6 7 |  7.1
Armour         | 4 5 6 7 |  7.1
Maces & Flails | 3 4 5 6 |  6.0

Action                     |  1- 3 |  4- 6 |  7- 9 || total
---------------------------+-------+-------+-------++-------
  Melee: Flail             |   125 |   239 |    98 ||   462
         Morningstar       |       |       |   122 ||   122
  Throw: Dart              |       |     4 |     6 ||    10
    Use: Scroll            |       |    13 |     9 ||    22
 Armour: Scale mail        |    64 |       |       ||    64
         Chain mail        |    39 |   255 |   237 ||   531
  Dodge: Dodged            |    65 |   128 |   118 ||   311
  Block: Buckler           |    28 |    83 |    76 ||   187

Table legend: (Time is in decaauts)
 A = Elapsed time spent in this place.
 B = Non-inter-level travel time spent in this place.
 C = Inter-level travel time spent in this place.
 D = Time resting spent in this place.
 E = Time spent auto-exploring this place.
 F = Levels seen in this place.
 G = Mean time per level.
                   A        B        C        D        E       F      G
               +--------+--------+--------+--------+--------+-----+--------+
         Total |   6351 |   5990 |    361 |    728 |   3963 |   8 |  793.9 |
       Dungeon |   6294 |   5986 |    308 |    728 |   3963 |   7 |  899.1 |
        Temple |     57 |      4 |     53 |      0 |      0 |   1 |   57.0 |
               +--------+--------+--------+--------+--------+-----+--------+

Top non-repeatable levels by time:
     D:3: 1383 daAuts
     D:2: 1207 daAuts
     D:6: 1175 daAuts
     D:4: 991 daAuts
     D:5: 671 daAuts
     D:1: 656 daAuts
     D:7: 209 daAuts
  Temple: 57 daAuts
